 Dungeon Crawl Stone Soup version 0.20-a0 (webtiles) character file.

177 hairmachine the Chopper (level 5, 0/45 HPs)
             Began as a Hill Orc Abyssal Knight on Oct 27, 2016.
             Was a Believer of Lugonu.
             Succumbed to a worker ant's poison
             ... on level 4 of the Dungeon.
             The game lasted 00:14:57 (4131 turns).

hairmachine the Chopper (Hill Orc Abyssal Knight)   Turns: 4131, Time: 00:14:58

Health: 0/45       AC:  9    Str: 16    XL:     5   Next: 57%
Magic:  6/6        EV: 10    Int: 17    God:    Lugonu [**....]
Gold:   117        SH:  0    Dex: 10    Spells: 0 memorised, 4 levels left

rFire  + + .     SeeInvis .     a - +1 hand axe
rCold  + . .     Gourm    .     p - +0 ring mail
rNeg   . . .     Faith    .     (no shield)
rPois  +         Spirit   .     e - +0 helmet
rElec  +         Reflect  .     (no cloak)
rCorr  +         Harm     .     (no gloves)
MR     .....                    u - +2 pair of boots
Stlth  ..........               (no amulet)
                                f - ring of protection from fire {rF+, !d}
                                n - +5 ring of intelligence

@: lethally poisoned (0 -> -14), resistant, flying, heavily drained
A: no striking features
a: Depart the Abyss, Bend Space, Renounce Religion


You were on level 4 of the Dungeon.
You worshipped Lugonu.
Lugonu was pleased with you.
You were hungry.

You visited 1 branch of the dungeon, and saw 5 of its levels.
You visited the Abyss 1 time.

You collected 117 gold pieces.


   Skills:
 - Level 3.6(1.5) Fighting
 + Level 7.4(5.1) Axes
 - Level 2.1(0.2) Armour
 - Level 0.7(0.0) Dodging
 - Level 2.4(0.4) Invocations


You had 4 spell levels left.
You didn't know any spells.

Inventory:

Hand Weapons
 a - a +1 hand axe (weapon)
Missiles
 o - 27 stones (quivered)
Armour
 e - a +0 helmet (worn)
   (You took it off Robin on level 2 of the Dungeon)
 p - a +0 ring mail (worn)
   (You found it on level 1 of the Dungeon)
 u - a +2 pair of boots (worn)
   (You found it on level 5 of the Dungeon)
Jewellery
 f - a ring of protection from fire (right hand) {rF+, !d}
   (You found it on level 3 of the Dungeon)
 k - an uncursed ring of protection from cold {unknown}
   (You took it off a goblin on level 3 of the Dungeon)
 n - a +5 ring of intelligence (left hand)
   (You took it off a hobgoblin on level 2 of the Dungeon)
 w - an uncursed ring of fire {unknown}
   (You found it on level 4 of the Dungeon)
Wands
 v - a wand of random effects (19/48)
   (You found it on level 5 of the Dungeon)
Scrolls
 b - a scroll of noise {!r, unknown}
 g - a scroll of random uselessness {!r, unknown}
 h - a scroll of enchant weapon {!r, unknown}
 i - a scroll of remove curse {!r, unknown}
 j - a scroll of fear {!r, unknown}
 m - a scroll of immolation {!r, unknown}
 q - a scroll of fog {!r, unknown}
 t - a scroll of amnesia {!r, unknown}
Comestibles
 c - 2 bread rations
 d - a beef jerky
 r - 5 chunks of flesh

Dungeon Overview and Level Annotations

Branches:
Dungeon (5/15)
 Temple: D:4-7

Altars:
Trog

Annotations:
D:2 1 runed door, Sigmund

##....# ##......(...##
#.#
##..†####..@########.##
#.. #..........# ##÷##
##. #.#######..#
##.####. #. ##.#
##..#.. #. #.# #....#
## #.# #...## #..
##..## ##. ##..## ..
#...# #...# #...# ##..#
####


There were no monsters in sight!


Message History

You feel sick.
Damage: -2%(-1hp) hp: 38%(17hp) Really quaff
l - a purple potion {!q}?
It was a potion of resistance {!q}.
You feel protected.
You feel sick. The worker ant bites you.
* * * LOW HITPOINT WARNING * * *
You are more poisoned.
The worker ant poisons you!
Damage: -4%(-2hp) hp: 34%(15hp) Really quaff
s - a smoky black potion {!q}?
It was a potion of flight {!q}.
You feel very buoyant.
You fly up into the air.
You feel sick.
The worker ant bites you but does no damage.
Damage: -2%(-1hp) hp: 32%(14hp)
You closely miss the worker ant.
The worker ant is heavily wounded.
You feel sick. The worker ant closely misses you.
The worker ant barely misses you.
Damage: -3%(-1hp) hp: 29%(13hp)
You closely miss the worker ant.
The worker ant is heavily wounded.
* * * LOW HITPOINT WARNING * * *
You feel sick. The worker ant bites you.
* * * LOW HITPOINT WARNING * * *
You are more poisoned.
The worker ant poisons you!
Huge Dmg: -6%(-3hp) hp: 23%(10hp) Really read
b - a scroll labeled ERGHIVV XATTI {!r}? [Y]es or [N]o only, please.
Really read
b - a scroll labeled ERGHIVV XATTI {!r}? [Y]es or [N]o only, please.
Really read
b - a scroll labeled ERGHIVV XATTI {!r}? [Y]es or [N]o only, please.
Really read
b - a scroll labeled ERGHIVV XATTI {!r}? [Y]es or [N]o only, please.
Really read
b - a scroll labeled ERGHIVV XATTI {!r}? [Y]es or [N]o only, please.
Really read
b - a scroll labeled ERGHIVV XATTI {!r}? [Y]es or [N]o only, please.
Really read
b - a scroll labeled ERGHIVV XATTI {!r}? [Y]es or [N]o only, please.
Really read
b - a scroll labeled ERGHIVV XATTI {!r}? [Y]es or [N]o only, please.
Really read
b - a scroll labeled ERGHIVV XATTI {!r}? [Y]es or [N]o only, please.
Really read
b - a scroll labeled ERGHIVV XATTI {!r}? [Y]es or [N]o only, please.
Really read
b - a scroll labeled ERGHIVV XATTI {!r}? [Y]es or [N]o only, please.
Really read
b - a scroll labeled ERGHIVV XATTI {!r}? [Y]es or [N]o only, please.
Really read
b - a scroll labeled ERGHIVV XATTI {!r}? [Y]es or [N]o only, please.
Really read
b - a scroll labeled ERGHIVV XATTI {!r}? [Y]es or [N]o only, please.
Really read
b - a scroll labeled ERGHIVV XATTI {!r}?
Okay, then.
You are too injured to fight recklessly!
You hit the worker ant.
* * * LOW HITPOINT WARNING * * *
You feel sick. The worker ant barely misses you.
Damage: -5%(-2hp) hp: 18%(8hp) Evoke which item? (* to show all) (? for menu, Esc to quit)
Zapping:
v - a wand of random effects (will waste charges)
Press: ? - help, Shift-Dir - straight line, f - worker ant
Aim: a worker ant (severely wounded)
The puff of flame hits the worker ant.
The worker ant is almost dead.
Evoking this partially-identified wand wasted a few charges.
* * * LOW HITPOINT WARNING * * *
You feel sick. The worker ant closely misses you.
Damage: -2%(-1hp) hp: 16%(7hp) Evoke which item? (* to show all) (? for menu, Esc to quit)
Zapping:
v - a wand of random effects {zapped: 3} (will waste charges)
Press: ? - help, Shift-Dir - straight line, f - you, p - worker ant That would be overly suicidal.
Okay, then.
Evoke which item? (* to show all) (? for menu, Esc to quit)
Zapping:
v - a wand of random effects {zapped: 3} (will waste charges)
Press: ? - help, Shift-Dir - straight line, f - worker ant
Aim: a worker ant (almost dead)
The mass of ice explodes!
The iceblast engulfs the worker ant.
You kill the worker ant!
The iceblast engulfs you!
* * * LOW HITPOINT WARNING * * *
Evoking this partially-identified wand wasted a few charges.
* * * LOW HITPOINT WARNING * * *
You feel sick.
Huge Dmg: -9%(-4hp) hp: 7%(3hp)
You aren't carrying any potions.
Okay, then.
There is a lethal amount of poison in your body!
There is a lethal amount of poison in your body!
There is a lethal amount of poison in your body!
* * * LOW HITPOINT WARNING * * *
You feel sick.
Huge Dmg: -2%(-1hp) hp: 5%(2hp)
You die...

Vault maps used:
D:1:      minmay_arrival_loop
D:2:      ecumenical_altar_2, hex_large, minmay_misc_feat_nine_boxes,
          uniq_robin, uniq_crazy_yiuf_cottage, uniq_sigmund
D:3:      corexii_corridor_pit, minmay_item_behind_shaft, moated_statue,
          trog_book
D:4:      serial_shops, shop
D:5:      first_bread

Notes
Turn   | Place    | Note
-------+----------+-------------------------------------------
     0 | Abyss:1  | hairmachine the Hill Orc Abyssal Knight began the quest for the Orb.
     0 | Abyss:1  | Reached XP level 1. HP: 19/19 MP: 2/2
     2 | Abyss:1  | Found a corrupted altar of Lugonu.
    18 | Abyss:1  | Found a corrupted altar of Lugonu.
    51 | Abyss:1  | Noticed a starcursed mass
    54 | D:1      | Escaped the Abyss
   114 | D:1      | Reached skill level 3 in Axes
   233 | D:1      | Reached XP level 2. HP: 21/26 MP: 3/3
   252 | D:1      | Reached * piety under Lugonu
   678 | D:1      | Reached skill level 4 in Axes
  1445 | D:1      | Reached XP level 3. HP: 30/31 MP: 4/4
  1621 | D:2      | Reached skill level 5 in Axes
  1766 | D:2      | Noticed Sigmund
  2138 | D:2      | Reached XP level 4. HP: 35/39 MP: 5/5
  2243 | D:2      | Found a runed door.
  2454 | D:2      | Found a faded altar of an unknown god.
  2712 | D:2      | Noticed Robin
  2718 | D:2      | Reached ** piety under Lugonu
  2743 | D:2      | Killed Robin
  2743 | D:2      | Reached skill level 6 in Axes
  3346 | D:3      | Reached XP level 5. HP: 26/45 MP: 6/6
  3803 | D:3      | Reached skill level 7 in Axes
  3839 | D:3      | Found a bloodstained altar of Trog.
  3896 | D:3      | You fall through a shaft for 2 floors!
  3896 | D:5      | Entered Level 5 of the Dungeon
  4130 | D:4      | HP: 2/45 [poisoned by a worker ant]
  4131 | D:4      | Succumbed to a worker ant's poison

Vanquished Creatures
  A worker ant (D:4)
  Robin (D:2)
  5 adders
  An ooze (D:1)
  5 worms
  5 orcs
  4 ball pythons
  2 giant cockroaches (D:1)
  13 goblins
  11 hobgoblins
  5 jackals
  A quokka (D:4)
  8 bats
  2 frilled lizards (D:3)
  3 kobolds
  7 rats
74 creatures vanquished.

Action                   |  1- 3 |  4- 6 || total
-------------------------+-------+-------++-------
Melee: Hand axe          |   111 |   167 ||   278
Throw: Stone             |     3 |     6 ||     9
Invok: Depart the Abyss  |     1 |       ||     1
       Bend Space        |       |     4 ||     4
Evoke: Wand              |       |     2 ||     2
  Use: Potion            |       |     4 ||     4
       Scroll            |       |     2 ||     2
  Eat: Chunk             |     3 |     7 ||    10
Armor: Leather armour    |     4 |       ||     4
       Ring mail         |    22 |    87 ||   109
Dodge: Dodged            |    60 |    80 ||   140

Skill      XL: |  1  2  3  4  5 |
---------------+----------------+-----
Axes           | 3 4 5 6 7 |  7.4
Fighting       | |  3.6
Armour         | |  2.1
Dodging        | |  0.7
Invocations    | |  2.4
